 Dungeon Crawl Stone Soup version 0.28.0-47-ge53b351184 (webtiles) character file.

Game seed: 16698373839203188550

3 hawla the Scratcher (level 1, 0/9 HPs)
             Began as a Felid Transmuter on May 2, 2022.
             Slain by a kobold
             ... wielding a +0 short sword
              (3 damage)
             ... on level 1 of the Dungeon.
             The game lasted 00:00:25 (224 turns).

hawla the Scratcher (Felid Transmuter)               Turns: 224, Time: 00:00:25

Health: 0/9        AC:  1    Str:  6    XL:     1   Next: 41%
Magic:  3/4        EV: 17    Int: 14    God:
Gold:   29         SH:  0    Dex: 16    Spells: 3/4 levels left
                                        Lives:  0   Deaths: 0

rFire   . . .      SeeInvis +     - Unarmed
rCold   . . .      Faith    .   (shield unavailable)
rNeg    . . .      Spirit   .   (armour unavailable)
rPois   .          Reflect  .   (helmet unavailable)
rElec   .          Harm     .   (cloak unavailable)
rCorr   .          Rampage  .   (gloves unavailable)
Will    .....                   (boots unavailable)
Stlth   +.........              (no amulet)
HPRegen 0.03/turn               (no ring)
MPRegen 0.09/turn               (no ring)

@: appendages, quick
A: horns 2, very small, claws 1, fangs 3, see invisible, speed 1, shaggy fur 1,
stealthy paws, no weapons or thrown items, no armour, multi-lived
a: End Transformation


You were on level 1 of the Dungeon.
You had temporarily grown beastly horns.
You visited 1 branch of the dungeon, and saw 1 of its levels.

You collected 29 gold pieces.

You aren't carrying anything.


   Skills:
 + Level 1.0 Fighting
 + Level 2.6 Dodging
 + Level 3.0 Unarmed Combat
 + Level 2.1 Spellcasting
 + Level 2.3 Transmutations


You had 3 spell levels left.
You knew the following spells:

 Your Spells              Type           Power      Damage    Failure   Level
a - Beastly Appendage     Tmut           16%        N/A       9%          1

Your spell library contained the following spells:

 Spells                   Type           Power      Damage    Failure   Level
 Wereblood                Tmut           8%         N/A       14%         2
 Spider Form              Tmut/Pois      4%         N/A       41%         3
 Ice Form                 Ice/Tmut       4%         N/A       82%         4


Dungeon Overview and Level Annotations

Branches:
Dungeon (1/15)

Altars:


Innate Abilities, Weirdness & Mutations

You have temporarily grown beastly horns.
You have sharp claws.
You have razor-sharp teeth.
You have supernaturally acute eyesight. (SInv)
You cover ground quickly. (Speed+)
You are covered in fur. (AC +1)
Your paws help you pounce on unaware monsters.
You are incapable of wielding weapons or throwing items.
You cannot wear armour.
You gain extra lives every three experience levels.


Message History

You scratch the goblin.
You kill the goblin!
Found an escape hatch in the floor.
The ball python barely misses you. The ball python closely misses you.
Things that are here:
a +0 club; a goblin corpse You scratch the ball python but do no damage.
The ball python bites you. The ball python grabs you.
The ball python constricts you.
You are too injured to fight recklessly!
You closely miss the ball python. You headbutt the ball python.
You kill the ball python!
You start resting.
Your transformation is almost over.
Magic restored.
Your horns disappear.
HP restored.
An endoplasm comes into view.
A kobold comes into view. It is wielding a +0 short sword.
The endoplasm quivers.
The kobold shouts!
You hear an angry hiss.
Found 20 sling bullets.
The endoplasm completely misses you.
You claw the endoplasm!
You kill the endoplasm!
You closely miss the kobold.
The kobold hits you with a +0 short sword.
Ouch! That really hurt!
You are too injured to fight recklessly!
You are too injured to fight recklessly!
Casting: Beastly Appendage (safe; 9% risk of failure)
Confirm with . or Enter, or press ? or * to list all spells.
You grow a pair of large bovine horns.
The kobold hits you with a +0 short sword.
You are too injured to fight recklessly!
You closely miss the kobold.
You headbutt the kobold, but do no damage.
You barely miss the kobold. Your headbutt misses the kobold.
The kobold hits you with a +0 short sword.
You die...

....... #....)#........
........##.........##...
.............#.....##...
.............#......#...
.............#..........
............##..........
..........>.####........
.............# #........
......K@...#.# #........
...........#.# #........
...........#.# #........
...........#.# #........
...........# #....####
#..........# #....#
####....(... #....#
#.######## #.####


You could see a kobold.

Vanquished Creatures
  An endoplasm (D:1)
  A goblin (D:1)
  A ball python (D:1)
3 creatures vanquished.

Notes
Turn   | Place    | Note
-------+----------+-------------------------------------------
     0 | D:1      | hawla the Felid Transmuter began the quest for the Orb.
     0 | D:1      | Reached XP level 1. HP: 9/9 MP: 4/4
   224 | D:1      | Slain by a kobold

Illustrated notes

Levels and vault maps discovered:
D:1:      dpeg_arrival_tiny_d, layout_basic, dreamdust_ecumenical_altar_statues,
          hex_intersection, minmay_misc_feat_tiny,
          minmay_misc_feat_secret_circle, chequers_serial_rivers_small_b

Action                   || total
-------------------------++-------
Melee: Unarmed           ||     8
       Headbutt          ||     3
 Cast: Beastly Appendage ||     2
Dodge: Dodged            ||     3
